 Dungeon Crawl Stone Soup version 0.28.0-45-g0d030f2227 (webtiles) character file.

Game seed: 18267254321182721849

112 zeratav the Insei (level 4, -1/29 HPs)
             Began as an Octopode Transmuter on Apr 8, 2022.
             Slain by a gnoll
             ... wielding a +0 flail
              (5 damage)
             ... on level 2 of the Dungeon.
             The game lasted 00:02:31 (2079 turns).

zeratav the Insei (Octopode Transmuter)             Turns: 2079, Time: 00:02:32

Health: -1/29      AC:  1    Str:  9    XL:     4   Next: 93%
Magic:  7/7        EV: 13    Int: 15    God:
Gold:   15         SH:  0    Dex: 14    Spells: 6/7 levels left

rFire   . . .      SeeInvis .     - Unarmed
rCold   . . .      Faith    .   (no shield)
rNeg    . . .      Spirit   .   (helmet restricted)
rPois   .          Reflect  .   (no amulet)
rElec   .          Harm     .   (no ring)
rCorr   .          Rampage  .   (no ring)
Will    .....                   (no ring)
Stlth   +++.......              (no ring)
HPRegen 0.09/turn               (no ring)
MPRegen 0.10/turn               (no ring)
                                (no ring)
                                (no ring)

@: no status effects
A: almost no armour, amphibious, 8 rings, camouflage 1, gelatinous body 1,
(nimble swimmer 1), tentacles
a: no special abilities


You were on level 2 of the Dungeon.
You visited 1 branch of the dungeon, and saw 2 of its levels.

You collected 15 gold pieces.


Innate Abilities, Weirdness & Mutations

You cannot wear most types of armour.
You are amphibious.
You can wear up to eight rings at the same time.
Your skin changes colour to match your surroundings (Stealth+).
Your rubbery body absorbs attacks. (AC +1, EV +1)
((You are camouflaged when in or above water. (Stealth+)))
You have tentacles for arms and can constrict up to eight enemies at once.


   Skills:
 + Level 2.1 Fighting
 + Level 2.7 Dodging
 + Level 2.5 Stealth
 * Level 4.1 Unarmed Combat
 - Level 2.0 Spellcasting
 - Level 2.0 Transmutations


You had 6 spell levels left.
You knew the following spells:

 Your Spells              Type           Power      Damage    Failure   Level
a - Beastly Appendage     Tmut           14%        N/A       10%         1

Your spell library contained the following spells:

 Spells                   Type           Power      Damage    Failure   Level
 Wereblood                Tmut           7%         N/A       14%         2
 Shock                    Conj/Air       4%         1d3       22%         1
 Static Discharge         Conj/Air       1%         N/A       32%         2
 Spider Form              Tmut/Pois      4%         N/A       41%         3
 Swiftness                Air            1%         N/A       54%         3
 Ice Form                 Ice/Tmut       4%         N/A       82%         4
 Airstrike                Air            0%         N/A       91%         4
 Lightning Bolt           Conj/Air       0%         1d11      99%         5
 Maxwell's Capacitive Co  Air            0%         ∞         100%        8

Inventory:

Wands
 i - a wand of flame (3)
   (You took it off Jessica on level 2 of the Dungeon)
Scrolls
 a - a scroll of identify {unknown}
 b - a scroll of fog {unknown}
 c - a scroll of teleportation {unknown}
 j - a scroll of noise {unknown}
Potions
 d - a potion of degeneration {unknown}
 e - 2 potions of cancellation {unknown}
 f - a potion of attraction {unknown}
 g - 2 potions of might {unknown}
 h - a potion of magic {unknown}

Dungeon Overview and Level Annotations

Branches:
Dungeon (2/15)

Altars:

###......##....#
####.######....#
........###...<#
......†.)##....## ########..
######.....[....# #........#
#..)##.##..###........#
##.....##....#........# # ..
....#...............).##. #.
............@............ .
.............#g...#...##.###
...#..........................
#. .#####................#.##
#..........#.).).#
#.....<....)...#)# # #.#
.#........###.#)..#.# ..
#.##....#.........#...#
#.#######........)##.......#


You could see a gnoll.


Message History

You squeeze Jessica.
Your transformation is almost over.
You constrict Jessica, but do no damage.
A gnoll comes into view. It is wielding a +0 whip.
Jessica casts a spell.
Jessica blinks free!
A gnoll comes into view. It is wielding a +0 flail.
Jessica gestures wildly while chanting.
Jessica blinks!
Jessica gestures wildly.
Jessica zaps a wand.
The puff of flame hits you.
HP[-5]
You take 5 damage, and now have 20/29 hp.
Jessica misses you. Jessica hits you with a +0 club.
HP[-2]
You take 2 damage, and now have 18/29 hp.
You closely miss Jessica. Your grab misses Jessica. You squeeze Jessica.
You kill Jessica!
Your Fighting skill increases to level 2!
Your Unarmed Combat skill increases to level 4!
Items here: ) / [ †.
i - a wand of flame (3)
A gnoll is nearby!
You extend your transformation's duration.
The gnoll closely misses you.
HP[+1]
You tentacle-slap the gnoll. You grab the gnoll.
You pierce the gnoll.
You constrict the gnoll. The gnoll closely misses you.
You tentacle-slap the gnoll. You constrict the gnoll.
The gnoll hits you with a +0 whip!
* * * LOW HITPOINT WARNING * * *
You tentacle-slap the gnoll. You squeeze the gnoll.
You kill the gnoll!
No target in view!
HP[-8]
You take 8 damage, and now have 11/29 hp.
MASSIVE DAMAGE!! (PAUSE) No target in view!
No target in view!
No target in view!
No target in view!
No target in view!
No target in view!
No target in view!
No target in view!
No target in view!
No target in view!
Your transformation is almost over.
A gnoll comes into view. It is wielding a +0 flail.
j - a scroll labelled XONOUPHEPI MP[+1]
Your mp is fully restored (7).
You start resting.
A gnoll is nearby!
HP[+1]
Your tentacle spike disappears.
You start resting.
A gnoll is nearby!
You start resting.
A gnoll is nearby!
HP[+2]
You regained 2 hp, and now have 14/29 hp.
One of your tentacles grows a vicious spike.
The gnoll shouts!
You hear a shout!
MP[-1]
You lost 1 mp, and now have 6/7 mp.
The gnoll closely misses you.
You closely miss the gnoll. Your grab misses the gnoll.
You pierce the gnoll.
A hobgoblin comes into view.
The gnoll hits you with a +0 flail!
* * * LOW HITPOINT WARNING * * *
HP[-7]
You take 7 damage, and now have 7/29 hp.
MASSIVE DAMAGE!! (PAUSE)
You closely miss the gnoll. Your grab misses the gnoll.
You pierce the gnoll, but do no damage.
You squeeze the gnoll! The gnoll closely misses you.
You tentacle-slap the gnoll. You grab the gnoll. You constrict the gnoll.
You kill the gnoll!
You tentacle-slap the hobgoblin. You grab the hobgoblin.
You pierce the hobgoblin.
You constrict the hobgoblin, but do no damage.
The hobgoblin hits you.
* * * LOW HITPOINT WARNING * * *
HP[-5]
You take 5 damage, and now have 2/29 hp.
The gnoll shouts!
You tentacle-slap the hobgoblin.
You kill the hobgoblin!
Your transformation is almost over.
The gnoll barely misses you.
Things that are here:
a +0 flail {mace}; a gnoll corpse MP[+1]
Your mp is fully restored (7).
HP[+1]
Your tentacle spike disappears.
The gnoll hits you with a +0 flail.
You die...

Skill      XL: |  1  2  3  4 |
---------------+-------------+-----
Stealth        | 1 2 |  2.5
Fighting       | 2 |  2.1
Unarmed Combat | 4 |  4.1
Dodging        | |  2.7
Spellcasting   | |  2.0
Transmutations | |  2.0

Action                   |  1- 3 |  4- 6 || total
-------------------------+-------+-------++-------
Melee: Unarmed           |    81 |    22 ||   103
       Constrict         |    22 |     6 ||    28
       Kick              |    16 |    11 ||    27
       Tentacles         |     8 |     4 ||    12
       Punch             |     1 |       ||     1
 Cast: Beastly Appendage |    19 |     6 ||    25
 Stab: Sleeping          |     6 |     2 ||     8
       Distracted        |     1 |       ||     1
Armor: Skin              |     7 |     1 ||     8
Dodge: Dodged            |    51 |    11 ||    62

Levels and vault maps discovered:
D:1:      amcnicky_arrival_double_pillar, layout_basic, nicolae_grassy_gnolls
D:2:      layout_rooms, serial_aquarium, aquarium_bridge_long_separate
          [aquarium_subvault_wall, aquarium_subvault_balcony,
          aquarium_subvault_bridge, aquarium_subvault_balcony,
          aquarium_subvault_wall, aquarium_subvault_bridge],
          aquarium_bridge_straight [aquarium_subvault_bridge,
          aquarium_subvault_window, aquarium_subvault_bridge,
          aquarium_subvault_balcony], aquarium_window_1, aquarium_window_corner,
          aquarium_window_1, aquarium_view_2a, aquarium_view_2d,
          kennysheep_generic_room_7, uniq_jessica

Notes
Turn   | Place    | Note
-------+----------+-------------------------------------------
     0 | D:1      | zeratav the Octopode Transmuter began the quest for the
                  | Orb.
     0 | D:1      | Reached XP level 1. HP: 13/13 MP: 3/3
     0 | D:1      | magus.rc [v1.9.6]
   158 | D:1      | Reached XP level 2. HP: 12/18 MP: 3/5
   305 | D:1      | Reached skill level 1 in Stealth
   329 | D:1      | Reached XP level 3. HP: 21/23 MP: 4/6
   531 | D:1      | You pick up a book of Air and begin reading...
   531 | D:1      | You add the spells Shock, Swiftness and Airstrike to your
                  | library.
   982 | D:1      | You pick up a book of Lightning and begin reading...
   982 | D:1      | You add the spells Static Discharge, Lightning Bolt and
                  | Maxwell's Capacitive Coupling to your library.
  1028 | D:1      | HP: 3/23 [gnoll/+0 flail (4)]
  1641 | D:2      | Reached skill level 2 in Stealth
  1710 | D:2      | Reached XP level 4. HP: 27/29 MP: 5/7
  1997 | D:2      | Noticed Jessica
  2007 | D:2      | Killed Jessica
  2008 | D:2      | Reached skill level 2 in Fighting
  2008 | D:2      | Reached skill level 4 in Unarmed Combat
  2056 | D:2      | HP: 7/29 [gnoll/+0 flail (8)]
  2059 | D:2      | HP: 2/29 [hobgoblin (5)]
  2079 | D:2      | Slain by a gnoll

Vanquished Creatures
  Jessica (D:2)
  4 gnolls
  A dart slug (D:1)
  5 endoplasms
  2 giant cockroaches
  6 goblins
  4 hobgoblins
  4 kobolds
  A quokka (D:1)
  6 ball pythons
  5 bats
  A frilled lizard (D:1)
  4 rats
44 creatures vanquished.

Table legend:
 A = Non-vault XP
 B = Vault XP
 C = Vault XP percentage of total XP
 D = Non-vault monster count
 E = Vault monster count
 F = Vault count percentage of total count
                 A         B        C        D         E       F
            +---------+---------+-------+---------+---------+-------
      Total |     108 |      52 |  32.5 |      42 |       2 |   4.5
            +---------+---------+-------+---------+---------+-------
        D:1 |      52 |      15 |  22.4 |      23 |       1 |   4.2
        D:2 |      56 |      37 |  39.8 |      19 |       1 |   5.0
            +---------+---------+-------+---------+---------+-------

Illustrated notes

Table legend:
 A = Kills in this place as a percentage of kills in entire the game.
 B = Kills by you in this place as a percentage of kills by you in the entire game.
 C = Kills by friends in this place as a percentage of kills by friends in the entire game.
 D = Other kills in this place as a percentage of other kills in the entire game.
 E = Experience gained in this place as a percentage of experience gained in the entire game.
 F = Experience gained in this place divided by the number of levels of this place that you have seen.
                   A       B       C       D       E      F
               +-------+-------+-------+-------+-------+----------------------
         Total | 100.0 | 100.0 |   N/A |   N/A | 100.0 |  80.0
       Dungeon | 100.0 | 100.0 |   N/A |   N/A | 100.0 |  80.0
               +-------+-------+-------+-------+-------+----------------------

Table legend: (Time is in decaauts)
 A = Elapsed time spent in this place.
 B = Non-inter-level travel time spent in this place.
 C = Inter-level travel time spent in this place.
 D = Time resting spent in this place.
 E = Time spent auto-exploring this place.
 F = Levels seen in this place.
 G = Mean time per level.
                   A        B        C        D        E       F      G
               +--------+--------+--------+--------+--------+-----+--------+
         Total |   2072 |   2029 |     43 |     31 |   1680 |   2 | 1036.0 |
       Dungeon |   2072 |   2029 |     43 |     31 |   1680 |   2 | 1036.0 |
               +--------+--------+--------+--------+--------+-----+--------+

Top non-repeatable levels by time:
     D:1: 1344 daAuts
     D:2: 728 daAuts
